 Dungeon Crawl Stone Soup version 0.29-a0-472-ge5599a681e (webtiles) character file.

Game seed: 18220416622873480415

623 dabmancer the Thaumaturge (level 7, -2/32 HPs)
             Began as a Spriggan Hedge Wizard on May 23, 2022.
             Shot with an arrow by a centaur (10 damage)
             ... on level 5 of the Dungeon.
             The game lasted 00:36:02 (10089 turns).

dabmancer the Thaumaturge (Spriggan Hedge Wizard)  Turns: 10089, Time: 00:36:03

Health: -2/32      AC:  2    Str:  6    XL:     7   Next: 22%
Magic:  12/19      EV: 21    Int: 24    God:
Gold:   78         SH:  0    Dex: 14    Spells: 12/22 levels left

rFire   . . .      SeeInvis +   v - +2 short sword (venom)
rCold   . . .      Faith    .   (no shield)
rNeg    . . .      Spirit   .   n - +0 robe
rPois   .          Reflect  .   c - +0 hat
rElec   .          Harm     .   (no cloak)
rCorr   .          Rampage  .   (gloves unavailable)
Will    +....                   (boots unavailable)
Stlth   ++........              (no amulet)
HPRegen 0.10/turn               h - +6 ring of intelligence
MPRegen 0.16/turn               C - +4 ring of evasion

@: very quick
A: very small, no large weapons, unfitting armour, see invisible, speed 3
a: no special abilities


You were on level 5 of the Dungeon.
You visited 1 branch of the dungeon, and saw 5 of its levels.

You collected 138 gold pieces.
You spent 60 gold pieces at shops.

Inventory:

Hand Weapons
 a - a +0 dagger
 s - a +1 trident of venom
 v - a +2 short sword of venom (weapon)
Missiles
 f - 99 stones
 q - 5 poisoned darts
Armour
 c - a +0 hat (worn)
 n - a +0 robe (worn)
 o - the +7 scale mail of the Last Gazing Bones {rC+ rCorr Dex+5}
   (You found it on level 2 of the Dungeon)

   Dex:       It affects your dexterity (+5).
   rC:        It protects you from cold.
   rCorr:     It protects you from acid and corrosion.
 B - a +0 helmet
Jewellery
 h - a +6 ring of intelligence (left hand)
 C - a +4 ring of evasion (right hand)
Wands
 w - a wand of flame (20)
Scrolls
 g - a scroll of acquirement {unknown}
 i - 2 scrolls of enchant weapon {unknown}
 p - 3 scrolls of identify {unknown}
 u - a scroll of amnesia {unknown}
 y - 2 scrolls of enchant armour {unknown}
 A - a scroll of immolation {unknown}
Potions
 b - a potion of flight {unknown}
 d - 2 potions of magic
 e - 5 potions of heal wounds
 j - a potion of cancellation {unknown}
 k - a potion of resistance {unknown}
 l - 2 potions of brilliance {unknown}
 m - 3 potions of curing {unknown}
 r - 2 potions of might {unknown}
 t - 2 potions of attraction {unknown}
 x - a potion of berserk rage {unknown}
 z - 2 potions of degeneration


   Skills:
 - Level 0.1 Short Blades
 + Level 3.2 Dodging
 + Level 3.6 Stealth
 + Level 8.1 Spellcasting
 + Level 2.2 Conjurations
 + Level 1.3 Hexes
 + Level 2.7 Summonings
 + Level 1.5 Translocations
 + Level 0.1 Ice Magic


You had 12 spell levels left.
You knew the following spells:

 Your Spells              Type           Power      Damage    Failure   Level
a - Magic Dart            Conj           80%        1d7       2%          1
b - Blink                 Tloc           34%        N/A       5%          2
c - Call Imp              Summ           22%        N/A       3%          2
d - Ensorcelled Hibernat  Hex/Ice        26%        N/A       7%          2
e - Conjure Flame         Conj/Fire      15%        6-21      12%         3

Your spell library contained the following spells:

 Spells                   Type           Power      Damage    Failure   Level
 Slow                     Hex            64%        N/A       3%          1
 Call Canine Familiar     Summ           22%        N/A       6%          3
 Passwall                 Tmut/Erth      7%         N/A       10%         2
 Portal Projectile        Hex/Tloc       32%        N/A       11%         3
 Mephitic Cloud           Conj/Pois/Air  13%        N/A       14%         3
 Swiftness                Air            9%         N/A       19%         3
 Leda's Liquefaction      Hex/Erth       6%         N/A       43%         4


Dungeon Overview and Level Annotations

Branches:
Dungeon (5/15)
 Temple: D:4-7

Altars:

Shops:
D:4 !

Annotations:
D:4 Blork the orc


Innate Abilities, Weirdness & Mutations

You are very small and have problems with some larger weapons.
You are too small for most types of armour.
You have supernaturally acute eyesight. (SInv)
You cover ground extremely quickly. (Speed+++)


Message History

Your crimson imp blinks!
There is an open door here.
A centaur is nearby!
Found a leather armour.
There is an escape hatch in the ceiling here.
There is a large open door here.
There is a large open door here.
The centaur shouts!
Casting: Ensorcelled Hibernation (safe; 7% risk of failure)
Confirm with . or Enter, or press ? or * to list all spells.
Aiming: Ensorcelled Hibernation (safe; 7% risk of failure)
Press: ? - help, Shift-Dir - straight line, f/p - centaur
Aim: a centaur, wielding a +0 shortbow (chance to affect: 47%)
The centaur resists with some effort.
The centaur shoots an arrow.
The arrow completely misses you.
Casting: Ensorcelled Hibernation (safe; 7% risk of failure)
Confirm with . or Enter, or press ? or * to list all spells.
Aiming: Ensorcelled Hibernation (safe; 7% risk of failure)
Press: ? - help, Shift-Dir - straight line, f/p - centaur
Aim: a centaur, wielding a +0 shortbow (chance to affect: 47%)
The centaur resists with some effort.
The centaur shoots an arrow.
The arrow closely misses you.
Casting: Ensorcelled Hibernation (safe; 7% risk of failure)
Confirm with . or Enter, or press ? or * to list all spells.
Aiming: Ensorcelled Hibernation (safe; 7% risk of failure)
Press: ? - help, Shift-Dir - straight line, f/p - centaur
Aim: a centaur, wielding a +0 shortbow (chance to affect: 47%)
The centaur resists with some effort.
The centaur shoots an arrow.
The arrow hits you!
Casting: Ensorcelled Hibernation (safe; 7% risk of failure)
Confirm with . or Enter, or press ? or * to list all spells.
Aiming: Ensorcelled Hibernation (safe; 7% risk of failure)
Press: ? - help, Shift-Dir - straight line, f/p - centaur
Aim: a centaur, wielding a +0 shortbow (chance to affect: 47%)
The centaur looks drowsy...
The centaur shouts!
The centaur shoots an arrow.
The arrow hits you!
* * * LOW HITPOINT WARNING * * *
The centaur shoots an arrow.
The arrow hits you!
You die...

#...#.................##
....#.................##
....#.<....#...#...#....
.....c..'#....#...#......
...##...'#...###.###.....
..............#...#......
...........#...#...#....
[.............#...#......
....#...@....###.###.....
.....##.......#...#......
.... #.....#...#...#....
... #.......#..........
.. ##....#.............
#......#...........#
#..................#
#..................#
#######..........#####.#


You could see a centaur.

Vanquished Creatures
  2 phantoms (D:4)
  2 scorpions (D:5)
  A jelly (D:4)
  2 hounds (D:5)
  A gnoll (D:4)
  2 adders
  2 ufetubi
  2 worms
  5 dart slugs
  7 orcs
  6 endoplasms
  A giant cockroach (D:4)
  7 goblins
  4 hobgoblins
  6 jackals
  7 kobolds
  3 quokkas
  7 ball pythons
  5 bats
  6 frilled lizards
  6 rats
84 creatures vanquished.

Vanquished Creatures (collateral kills)
  A gnoll shaman (D:4)
  Terence (D:3)
  4 gnolls (D:4)
  4 adders
  A worm (D:2)
  A bat (D:2)
12 creatures vanquished.

Grand Total: 96 creatures vanquished

Notes
Turn   | Place    | Note
-------+----------+-------------------------------------------
     0 | D:1      | dabmancer the Spriggan Hedge Wizard began the quest for the
                  | Orb.
     0 | D:1      | Reached XP level 1. HP: 9/9 MP: 6/6
   908 | D:1      | Reached XP level 2. HP: 13/13 MP: 3/8
  2045 | D:2      | Reached skill level 5 in Spellcasting
  2047 | D:2      | Reached skill level 1 in Conjurations
  2110 | D:2      | Learned a level 2 spell: Blink
  2113 | D:2      | Learned a level 2 spell: Call Imp
  2134 | D:2      | Identified the +7 scale mail of the Last Gazing Bones {rC+
                  | rCorr Dex+5}
  2143 | D:2      | Reached XP level 3. HP: 16/16 MP: 2/10
  2374 | D:2      | Found a faded altar of an unknown god.
  3016 | D:3      | Noticed Terence
  3431 | D:3      | Reached XP level 4. HP: 21/21 MP: 8/12
  4219 | D:3      | Reached skill level 6 in Spellcasting
  4414 | D:3      | Reached skill level 1 in Summonings
  5082 | D:3      | Killed Terence
  5239 | D:4      | Reached XP level 5. HP: 24/24 MP: 8/14
  5532 | D:4      | Noticed Blork the orc
  5837 | D:4      | Noticed a phantom
  5881 | D:4      | Found Coasiris's Distillery.
  5886 | D:4      | Bought a potion of degeneration for 10 gold pieces
  5886 | D:4      | Bought a potion of heal wounds for 50 gold pieces
  6141 | D:4      | Killed a phantom
  6142 | D:4      | Reached skill level 7 in Spellcasting
  6284 | D:4      | Learned a level 2 spell: Ensorcelled Hibernation
  6729 | D:4      | Reached XP level 6. HP: 28/28 MP: 10/17
  7593 | D:5      | Entered Level 5 of the Dungeon
  8161 | D:5      | Reached skill level 1 in Hexes
  8841 | D:5      | Reached XP level 7. HP: 32/32 MP: 15/19
  9158 | D:5      | Reached skill level 8 in Spellcasting
  9601 | D:5      | Learned a level 3 spell: Conjure Flame
 10089 | D:5      | Shot with an arrow by a centaur

Illustrated notes

Levels and vault maps discovered:
D:1:      dpeg_arrival_snail, layout_loops_corners
D:2:      layout_rooms, shapermc_ecumenical_altar_totnotflames, minmay_circle_x
D:3:      layout_basic, hangedman_decor_diamond_cutter, uniq_terence
D:4:      layout_loops_corners, serial_shops, shop, uniq_blork_the_orc
D:5:      layout_basic, minmay_misc_feat_four_crosses, grunt_ministairs_10,
          nicolae_figureground_sparkle

Skill      XL: |  1  2  3  4  5  6  7 |
---------------+----------------------+-----
Spellcasting   | 5 6 7 8 |  8.1
Conjurations   | 1 2 |  2.2
Dodging        | 3 |  3.2
Summonings     | 1 2 |  2.7
Hexes          | 1 |  1.3
Short Blades   | |  0.1
Stealth        | |  3.6
Translocations | |  1.5
Ice Magic      | |  0.1

Action                   |  1- 3 |  4- 6 |  7- 9 || total
-------------------------+-------+-------+-------++-------
Melee: Dagger            |     7 |       |       ||     7
       Short sword       |       |    11 |     4 ||    15
       Punch             |       |     1 |       ||     1
 Cast: Magic Dart        |   116 |   148 |    28 ||   292
       Call Imp          |     7 |    31 |     8 ||    46
       Ensorcelled Hiber |       |     4 |     7 ||    11
       Conjure Flame     |       |       |     1 ||     1
Armor: Robe              |     1 |     7 |     1 ||     9
Dodge: Dodged            |     8 |    30 |    19 ||    57

Table legend: (Time is in decaauts)
 A = Elapsed time spent in this place.
 B = Non-inter-level travel time spent in this place.
 C = Inter-level travel time spent in this place.
 D = Time resting spent in this place.
 E = Time spent auto-exploring this place.
 F = Levels seen in this place.
 G = Mean time per level.
                   A        B        C        D        E       F      G
               +--------+--------+--------+--------+--------+-----+--------+
         Total |   8048 |   7589 |    459 |   2840 |   3257 |   5 | 1609.6 |
       Dungeon |   8048 |   7589 |    459 |   2840 |   3257 |   5 | 1609.6 |
               +--------+--------+--------+--------+--------+-----+--------+

Top non-repeatable levels by time:
     D:4: 2336 daAuts
     D:3: 1642 daAuts
     D:1: 1507 daAuts
     D:5: 1451 daAuts
     D:2: 1111 daAuts
